 Dungeon Crawl Stone Soup version 0.22.0-13-g43fe8f2 (webtiles) character file.

7049 tamerofbeasts the Spear-Bearer (level 10, 0/84 HPs)
             Began as a Centaur Fighter on Aug 16, 2018.
             Was an Initiate of Gozag.
             Slain by a yak (13 damage)
             ... on level 9 of the Dungeon.
             The game lasted 00:33:09 (9671 turns).

tamerofbeasts the Spear-Bearer (Centaur Fighter)    Turns: 9671, Time: 00:33:10

Health: 0/84       AC:  7    Str: 20      XL:     10   Next: 83%
Magic:  10/10      EV:  8    Int:  8      God:    Gozag
Gold:   1269       SH: 15    Dex:  7 (10) Spells: 9/9 levels left

rFire    . . .     SeeInvis .   j - +2 spear (venom)
rCold    + . .     Gourm    .   t - +0 large shield
rNeg     . . .     Faith    .   p - +0 troll leather armour {Purgy}
rPois    .         Spirit   .   y - +1 hat
rElec    .         Reflect  .   (no cloak)
rCorr    .         Harm     .   h - +0 pair of gloves
MR       .....                  (no barding)
Stlth    +.........             n - amulet of rage
HPRegen  0.64/turn              f - ring of protection from cold
MPRegen  0.12/turn              (no ring)

@: gold aura, very quick
A: large, hooves 3, deformed body, speed 2, tough skin 3
a: Potion Petition, Call Merchant, Bribe Branch, Renounce Religion, Evoke
Berserk Rage


You were on level 9 of the Dungeon.
You worshipped Gozag.
Gozag was most pleased with you.
You were not hungry.

You visited 2 branches of the dungeon, and saw 10 of its levels.
You also visited: Sewer.

You collected 1332 gold pieces.
You paid 63 gold pieces to Gozag.

Inventory:

Hand Weapons
 a - a +0 trident
 j - a +2 spear of venom (weapon)
Armour
 h - a +0 pair of gloves (worn)
 p - a +0 troll leather armour (worn) {Purgy}
 t - a +0 large shield (worn)
 y - a +1 hat (worn)
Jewellery
 f - a ring of protection from cold (left hand)
 n - an amulet of rage (around neck)
 v - an uncursed amulet of rage
Wands
 g - a wand of scattershot (2)
 x - a wand of random effects (38)
Scrolls
 b - a scroll of amnesia
 c - a scroll of enchant armour {unknown}
 d - a scroll of magic mapping
 e - a scroll of identify
 l - a scroll of fear
 q - 4 scrolls of remove curse
 r - 6 scrolls of teleportation
 s - a scroll of immolation
 u - 2 scrolls of blinking {unknown}
 w - 3 scrolls of fog {unknown}
Potions
 i - a potion of lignification {unknown}
 k - a potion of flight {unknown}
 m - a potion of curing
 o - a potion of haste
 A - a potion of heal wounds
Comestibles
 z - 7 rations


   Skills:
 + Level 6.4 Fighting
 + Level 9.0 Polearms
 + Level 4.3 Armour
 + Level 3.9 Dodging
 + Level 2.2 Stealth
 + Level 7.6 Shields


You had 9 spell levels left.
You didn't know any spells.
Your spell library contained the following spells:

 Spells                   Type           Power        Failure   Level  Hunger
 Summon Ice Beast         Ice/Summ       #.......     100%        4    #####..
 Call Canine Familiar     Summ           #.......     100%        3    ####...
 Summon Butterflies       Summ           #.......     94%         1    ##.....
 Summon Hydra             Summ           #.........   100%        7    #######
 Summon Mana Viper        Hex/Summ       #.......     100%        5    ######.


Dungeon Overview and Level Annotations

Branches:
Dungeon (9/15)             Temple (1/1) D:4            Lair (0/6) D:9
    Orc: D:9-12

Altars:
Ashenzari
Cheibriados
Dithmenos
Elyvilon
Fedhas
Gozag
Hepliaklqana
Kikubaaqudgha
Makhleb
Nemelex Xobeh
Okawaru
Qazlal
Ru
Sif Muna
Trog
Uskayaw
Vehumet
Wu Jian
Xom
Yredelemnul
Zin
The Shining One


Innate Abilities, Weirdness & Mutations

You have hooves in place of feet.
Armour fits poorly on your strangely shaped body.
You cover ground very quickly.
You have extremely tough skin. (AC +3)


Message History

You feel much better. The yak barely misses you.
The yak gores you but does no damage. The yak barely misses you.
You see here 19 gold pieces.
You hit the yak but do no damage. You kick the yak!
The yak is moderately wounded.
You block the yak's attack. x2
You hit the yak.
The yak is poisoned.
The yak is moderately wounded.
The yak barely misses you. The yak closely misses you.
You hit the yak. You kick the yak, but do no damage.
The yak is moderately wounded.
The yak gores you!
* * * LOW HITPOINT WARNING * * *
The yak gores you!
* * * LOW HITPOINT WARNING * * *
You hit the yak but do no damage.
The yak is moderately wounded.
You block the yak's attack. The yak gores you!
You die...
Your body crumbles into a pile of gold.

#...+.. #...# #...#..
#...# #...#>. #...#
#...+.. #...# #...#..
#...# #...'.. #...#
##..#.. #Y$.# #..#..
#@Y.#########..#..
#.Y............#..
#..............#..
#######..............#..
#....................+..
#....................#+#
#.......................
###............#####....
#......#####.# #....


You could see 3 yaks.

Vanquished Creatures
  Harold (D:7)
  A two-headed ogre (D:8)
  Pikel (D:7)
  Joseph (D:7)
  A hornet (D:8)
  Prince Ribbit (D:7)
  2 yaks (D:9)
  The ghost of Gamesmaster the Magician, an amateur DEFE (D:4)
  A steam dragon (D:7)
  2 water moccasins
  Purgy (D:3)
  3 orc warriors
  2 ice beasts (D:7)
  A slave (D:7)
  A phantom (D:3)
  A sky beast (D:8)
  3 centaurs
  A necrophage (D:9)
  2 ogres
  A big kobold (D:9)
  4 bullfrogs
  A gnoll sergeant (D:7)
  4 scorpions
  11 killer bees
  2 howler monkeys
  2 crimson imps
  A bullfrog zombie (D:6)
  4 hounds
  A jelly (D:8)
  2 centaur zombies
  A centaur skeleton (D:6)
  9 orc wizards
  4 orc priests
  2 bullfrog skeletons
  Jessica (D:3)
  Natasha (thrice) (D:3)
  An iguana (D:9)
  7 worker ants
  A hound skeleton (D:4)
  4 gnolls (D:7)
  14 adders
  A river rat (D:4)
  A shadow imp (D:6)
  11 oozes
  An adder skeleton (D:8)
  4 worms
  2 dart slugs
  11 leopard geckos
  39 orcs
  14 ball pythons (Sewer)
  14 giant cockroaches
  13 goblins
  8 hobgoblins
  12 jackals
  12 kobolds
  6 quokkas
  5 bats
  15 frilled lizards
  A giant cockroach zombie (D:5)
  A leopard gecko skeleton (D:5)
  A leopard gecko zombie (D:7)
  A quokka skeleton (D:4)
  7 rats
  3 butterflies (D:7)
290 creatures vanquished.

Vanquished Creatures (others)
  3 slaves (D:7)
  A plant (D:9)
4 creatures vanquished.

Grand Total: 294 creatures vanquished

Notes
Turn   | Place    | Note
-------+----------+-------------------------------------------
     0 | D:1      | tamerofbeasts the Centaur Fighter began the quest for the Orb.
     0 | D:1      | Reached XP level 1. HP: 19/19 MP: 1/1
   122 | D:1      | Reached XP level 2. HP: 22/26 MP: 2/2
   371 | D:1      | Reached skill level 2 in Polearms
   623 | D:2      | Reached XP level 3. HP: 30/31 MP: 3/3
   944 | D:2      | Reached XP level 4. HP: 33/38 MP: 4/4
   980 | D:2      | Found a shattered altar of Ashenzari.
  1177 | D:3      | Noticed Purgy
  1185 | D:3      | Killed Purgy
  1185 | D:3      | Reached skill level 3 in Polearms
  1185 | D:3      | Reached XP level 5. HP: 32/45 MP: 5/5
  1258 | D:3      | Noticed a phantom
  1304 | D:3      | Killed a phantom
  1304 | D:3      | Reached skill level 1 in Dodging
  1304 | D:3      | Reached XP level 6. HP: 3/52 MP: 6/6
  1603 | D:3      | Noticed Natasha
  1618 | D:3      | Killed Natasha
  1621 | D:3      | Noticed Natasha
  1631 | D:3      | Killed Natasha
  1631 | D:3      | Reached skill level 4 in Polearms
  2227 | D:3      | Noticed Jessica
  2231 | D:3      | Noticed Natasha
  2235 | D:3      | Killed Jessica
  2252 | D:3      | Killed Natasha
  2821 | D:4      | Reached XP level 7. HP: 57/59 MP: 7/7
  2836 | D:4      | Found a hazy altar of Hepliaklqana.
  2945 | D:4      | Found a runed gate.
  2946 | D:4      | Found a runed gate.
  2947 | D:4      | Found a runed gate.
  2950 | D:4      | Noticed Gamesmaster's ghost (amateur DEFE)
  3140 | D:4      | Found a glowing drain.
  3144 | Sewer    | Entered a sewer
  3464 | Sewer    | HP: 3/60 [giant cockroach (2)]
  3741 | D:4      | Found a staircase to the Ecumenical Temple.
  3748 | Temple   | Entered the Ecumenical Temple
  3850 | Temple   | Became a worshipper of Gozag Ym Sagoz the Greedy
  4237 | D:4      | Killed Gamesmaster's ghost
  4237 | D:4      | Reached XP level 8. HP: 37/67 MP: 8/8
  4351 | D:5      | Entered Level 5 of the Dungeon
  4359 | D:5      | Reached skill level 5 in Polearms
  4487 | D:5      | Reached skill level 5 in Shields
  4494 | D:5      | HP: 1/67 [killer bee (5)]
  4587 | D:5      | Found a bloodstained altar of Trog.
  4590 | D:5      | Found a shadowy altar of Dithmenos.
  4602 | D:5      | Found a hide-covered altar of Uskayaw.
  4605 | D:5      | Found a glowing silver altar of Zin.
  4812 | D:5      | Found a white marble altar of Elyvilon.
  4892 | D:5      | Reached skill level 6 in Polearms
  4988 | D:5      | Found an ornate altar of the Wu Jian Council.
  5334 | D:5      | Found a sacrificial altar of Ru.
  5820 | D:6      | Reached skill level 5 in Fighting
  5838 | D:6      | Reached XP level 9. HP: 44/74 MP: 9/9
  6344 | D:6      | Reached skill level 7 in Polearms
  6911 | D:7      | Found a runed door.
  6981 | D:7      | Noticed Pikel
  6988 | D:7      | Noticed Prince Ribbit
  7013 | D:7      | Killed Pikel
  7013 | D:7      | Reached skill level 1 in Stealth
  7048 | D:7      | Killed Prince Ribbit
  7309 | D:7      | Noticed Harold
  7326 | D:7      | Killed Harold
  7326 | D:7      | Reached XP level 10. HP: 62/83 MP: 10/10
  7461 | D:7      | Noticed Joseph
  7478 | D:7      | Killed Joseph
  7478 | D:7      | Reached skill level 8 in Polearms
  7485 | D:7      | HP: 3/83 [steam dragon] (3)]
  7832 | D:7      | Found a runed door.
  8300 | D:8      | Noticed a two-headed ogre
  8312 | D:8      | Killed a two-headed ogre
  9544 | D:9      | Found a staircase to the Lair.
  9655 | D:9      | Reached skill level 9 in Polearms
  9671 | D:9      | Slain by a yak

Skill      XL: |  1  2  3  4  5  6  7  8  9 10 |
---------------+-------------------------------+-----
Polearms       | 2 3 4 6 7 9 |  9.0
Shields        | 3 4 5 6 7 |  7.6
Armour         | 3 4 |  4.3
Dodging        | 1 2 3 |  3.9
Fighting       | 4 5 6 |  6.4
Stealth        | 1 2 |  2.2

Action                   |  1- 3 |  4- 6 |  7- 9 | 10-12 || total
-------------------------+-------+-------+-------+-------++-------
Melee: Trident           |    83 |       |       |       ||    83
       Kick              |    13 |    34 |   124 |    57 ||   228
       Spear             |    30 |   158 |   511 |   292 ||   991
  Use: Potion            |       |       |     2 |    10 ||    12
       Scroll            |       |       |    11 |       ||    11
 Stab: Distracted        |       |       |     2 |       ||     2
       Invisible         |       |       |       |     9 ||     9
  Eat: Ration            |       |     2 |     3 |     2 ||     7
Armor: Scale mail        |    72 |       |       |       ||    72
       Chain mail        |    19 |    34 |       |       ||    53
       Troll leather arm |       |    13 |   129 |    44 ||   186
Dodge: Dodged            |    31 |    14 |    62 |    54 ||   161
Block: Shield            |    63 |    36 |       |       ||    99
       Large shield      |       |    50 |   354 |   170 ||   574
